Map: [ESL] Goldenaura

Players

MacSed

  • Race: Protoss Protoss
  • Spawn Location: 12:00

SCV - Winner!

  • Race: Protoss Protoss
  • Spawn Location: 5:00

Event: ESL SC2 Masters 2024 Spring (Regional)

VOD

Have the link to the VOD?

Description

Time

  • Played on: April 14, 2024, 8:29 a.m.
  • Length: 16:41

All games in this series

Show
View Real Time Build Order
Export as new Build Order

MacSed Protoss 

Build Orders: Blink Stalkers 

Get SALT Encoding   

  12  0:00  Probe  
  13  0:12  Probe  
  14  0:17  Pylon  
  14  0:24  Probe (Chrono Boost)  
  15  0:36  Probe (Chrono Boost)  
  15  0:38  Gateway  
  16  0:45  Probe (Chrono Boost)  
  16  0:46  Assimilator  
  17  0:50  Probe  
  17  0:55  Assimilator  
  18  1:03  Probe (Chrono Boost)  
  19  1:08  Gateway  
  19  1:13  Probe (Chrono Boost)  
  19  1:18  Probe (Chrono Boost)  
  21  1:26  Cybernetics Core  
  21  1:31  Probe  
  22  1:35  Pylon  
  22  1:43  Probe  
  23  1:55  Probe  
  24  2:04  Warp Gate, Stalker x2  
  24  2:07  Probe  
  29  2:17  Pylon  
  29  2:34  Sentry x2  
  33  2:44  Nexus  
  33  2:46  Probe  
  34  2:54  Shield Battery  
  34  2:58  Probe  
  35  3:07  Twilight Council  
  35  3:10  Probe  
  36  3:16  Pylon  
  36  3:22  Probe  
  37  3:35  Blink (Chrono Boost), Probe  
  38  3:47  Probe  
  39  3:56  Probe  
  39  3:59  Probe  
  41  4:05  Adept x2  
  41  4:08  Probe  
  46  4:11  Probe  
  46  4:14  Forge  
  47  4:20  Probe  
  47  4:23  Probe  
  49  4:26  Stalker x2  
  53  4:32  Probe  
  53  4:35  Pylon, Probe  
  55  4:44  Probe  
  56  4:45  Protoss Ground Weapons Level 1 (Chrono Boost)  
  56  4:47  Probe  
  56  4:49  Stalker x2  
  61  4:56  Probe  
  61  4:59  Probe  
  61  5:08  Probe  
  61  5:13  Stalker x2  
  64  5:14  Probe  
  64  5:20  Assimilator  
  65  5:24  Gateway  
  65  5:26  Gateway  
  65  5:29  Robotics Facility  
  65  5:31  Pylon  
  65  5:45  Stalker x2, Nexus  
  69  5:51  Shield Battery  
  69  5:55  Probe x2  
  71  6:07  Probe x2  
  73  6:19  Probe x2  
  73  6:21  Observer  
  73  6:22  Protoss Ground Weapons Level 2 (Chrono Boost)  
  73  6:25  Pylon  
  76  6:31  Probe x2  
  78  6:33  Pylon  
  78  6:43  Probe x2  
  78  6:44  Charge, Immortal  
  78  6:46  Gateway  
  84  6:52  Gateway x2  
  84  6:55  Probe x2, Gateway  
  84  6:59  Probe  
  87  7:01  Sentry  
  87  7:02  Sentry  
  87  7:07  Probe  
  87  7:08  Probe  
  93  7:09  Pylon  
  93  7:11  Probe  
  93  7:15  Stalker x2  
  98  7:19  Pylon  
  98  7:21  Pylon  
  99  7:23  Immortal (Chrono Boost)  
  102  7:32  Pylon  
  102  7:35  Stalker x2  
  106  7:41  Pylon  
  106  7:44  Pylon  
  106  7:45  Stalker x2  
  106  7:49  Stalker  
  106  7:51  Zealot  
  114  7:54  Warp Prism (Chrono Boost)  
  114  8:05  Stalker x3  
  114  8:06  Zealot  
  122  8:18  Zealot x2, Stalker x2  
  125  8:41  Zealot, Stalker x4  
  127  8:42  Zealot x3  
  127  8:44  Nexus  
  131  9:06  Zealot x2, Stalker x4  
  131  9:07  Zealot x2  
  137  9:31  Stalker  
  137  9:32  Zealot x6, Stalker  
  137  9:33  Probe  
  148  9:39  Observer  
  122  9:50  Probe  
  113  9:56  Zealot x2, Stalker x6  
  127  10:09  Probe  
  127  10:11  Pylon  
  128  10:15  Protoss Ground Weapons Level 3 (Chrono Boost)  
  128  10:21  Zealot x8  
  132  10:25  Probe x4  
  138  10:54  Zealot x8  
  154  11:01  Immortal (Chrono Boost), Photon Cannon  
  154  11:02  Shield Battery  
  157  11:17  Zealot x3  
  157  11:18  Zealot x5  
  173  11:24  Pylon  
  169  11:32  Pylon  
  169  11:33  Pylon  
  169  11:35  Immortal  
  173  11:40  Pylon, Sentry x3  
  173  11:44  Pylon  
  173  11:45  Zealot x4  
  187  11:49  Nexus  
  187  11:52  Gateway  
  187  11:57  Stalker  
  189  12:07  Stalker x3  
  189  12:08  Zealot x3  
  189  12:50  Zealot x7, Immortal (Chrono Boost)  
  189  12:51  Zealot x2  
  163  13:11  Zealot x3, Stalker x6  
  167  13:14  Probe  
  146  13:21  Immortal (Chrono Boost)  
  108  13:34  Stalker x7  
  108  13:38  Zealot x2  
  108  13:39  Probe  
  119  13:47  Gateway  
  109  13:50  Probe x2  
  109  13:51  Probe x2  
  109  13:52  Photon Cannon  
  109  13:53  Shield Battery  
  113  13:59  Zealot x9  
  131  14:07  Observer (Chrono Boost)  
  131  14:13  Gateway  
  120  14:27  Stalker x2  
  120  14:28  Zealot x7  
  124  14:41  Observer  
  124  14:42  Stalker  
  119  14:52  Stalker x2  
  119  14:53  Stalker x5  
  119  14:55  Zealot x2  
  119  14:59  Assimilator  
  137  15:01  Assimilator, Probe x3  
  140  15:13  Stalker  
  140  15:16  Pylon  
  140  15:20  Zealot x9  
  131  15:39  Stalker  
  131  15:40  Zealot x9  
  131  15:42  Zealot  
  151  15:47  Probe  
  151  15:48  Observer  
  137  16:06  Stalker  
  137  16:07  Stalker x2  
  137  16:10  Zealot x8  
  113  16:30  Zealot x7  
  113  16:31  Zealot x4  
Show
View Real Time Build Order
Export as new Build Order

SCV Protoss - Winner!

Build Orders: Phoenix Opening 

Get SALT Encoding   

  12  0:00  Probe  
  13  0:12  Probe  
  14  0:17  Pylon  
  14  0:24  Probe (Chrono Boost)  
  15  0:36  Probe (Chrono Boost)  
  15  0:37  Gateway  
  16  0:44  Probe (Chrono Boost)  
  16  0:46  Assimilator  
  17  0:51  Probe  
  17  0:55  Assimilator  
  18  1:03  Probe (Chrono Boost)  
  19  1:10  Gateway  
  19  1:13  Probe (Chrono Boost)  
  20  1:18  Probe (Chrono Boost)  
  20  1:24  Cybernetics Core  
  21  1:29  Probe  
  22  1:33  Pylon  
  22  1:42  Probe  
  23  1:54  Probe  
  24  2:01  Warp Gate, Stalker x2  
  28  2:13  Pylon  
  28  2:28  Pylon  
  28  2:32  Stalker  
  32  2:47  Nexus  
  32  2:48  Probe  
  32  2:50  Sentry  
  33  3:00  Probe  
  33  3:04  Sentry  
  36  3:08  Robotics Facility  
  36  3:15  Probe (Chrono Boost)  
  37  3:21  Phoenix  
  37  3:22  Pylon  
  38  3:27  Probe (Chrono Boost)  
  38  3:34  Probe (Chrono Boost)  
  39  3:41  Probe  
  40  3:53  Warp Prism (Chrono Boost)  
  40  3:54  Adept x2  
  45  3:56  Probe (Chrono Boost)  
  45  3:59  Probe (Chrono Boost)  
  48  4:08  Probe (Chrono Boost)  
  48  4:09  Probe (Chrono Boost)  
  50  4:17  Probe x2  
  50  4:22  Immortal (Chrono Boost)  
  52  4:29  Pylon, Probe x2  
  58  4:42  Stalker, Probe  
  61  4:50  Stalker  
  63  4:53  Probe  
  63  4:55  Pylon  
  63  4:58  Shield Battery  
  64  5:01  Probe  
  64  5:07  Nexus  
  64  5:09  Probe  
  64  5:13  Probe  
  66  5:15  Immortal (Chrono Boost)  
  66  5:21  Probe  
  69  5:24  Sentry x2  
  69  5:25  Probe  
  69  5:27  Pylon  
  69  5:28  Phoenix  
  74  5:32  Twilight Council  
  74  5:34  Probe  
  75  5:37  Probe  
  72  5:46  Probe  
  72  5:47  Pylon, Assimilator, Observer (Chrono Boost)  
  72  5:49  Probe  
  74  5:52  Adept x2  
  79  5:58  Probe  
  79  6:00  Forge  
  79  6:04  Blink (Chrono Boost)  
  80  6:07  Probe  
  82  6:11  Probe (Chrono Boost)  
  82  6:16  Stalker x2  
  84  6:20  Probe (Chrono Boost)  
  84  6:25  Probe (Chrono Boost)  
  85  6:27  Phoenix  
  85  6:28  Probe (Chrono Boost)  
  85  6:29  Probe (Chrono Boost)  
  85  6:32  Gateway  
  87  6:33  Probe (Chrono Boost), Gateway  
  87  6:34  Probe  
  87  6:36  Protoss Ground Weapons Level 1 (Chrono Boost)  
  88  6:44  Gateway  
  88  6:45  Gateway  
  88  6:47  Shield Battery  
  88  6:52  Gateway x2  
  88  7:00  Stalker x2  
  92  7:03  Pylon  
  92  7:16  Observer  
  92  7:19  Immortal  
  92  7:21  Pylon  
  96  7:28  Stalker x4  
  102  7:30  Nexus  
  102  7:34  Pylon  
  102  7:36  Probe x3  
  105  7:46  Pylon, Stalker x2  
  105  7:48  Observer  
  105  7:51  Shield Battery  
  109  7:55  Observer  
  109  7:56  Stalker x2  
  113  8:02  Probe x3  
  113  8:04  Photon Cannon  
  117  8:05  Stalker  
  117  8:08  Charge (Chrono Boost)  
  118  8:13  Pylon  
  118  8:19  Zealot x6  
  126  8:38  Pylon  
  120  8:43  Pylon, Stalker x4  
  120  8:45  Zealot x3  
  134  8:53  Zealot  
  134  8:55  Protoss Ground Weapons Level 2 (Chrono Boost)  
  136  8:57  Gateway  
  136  9:00  Gateway  
  136  9:08  Zealot x5  
  142  9:18  Zealot x3  
  139  9:26  Probe x2  
  133  9:31  Zealot x5  
  124  9:40  Zealot x2  
  124  9:41  Zealot  
  124  9:44  Immortal (Chrono Boost), Photon Cannon  
  110  9:52  Zealot x6  
  120  9:56  Zealot  
  122  10:06  Assimilator  
  126  10:12  Observer, Stalker x5  
  126  10:14  Zealot x3  
  136  10:17  Zealot x2  
  143  10:24  Pylon  
  143  10:34  Stalker  
  143  10:35  Stalker x3  
  149  10:45  Zealot x6  
  157  10:55  Probe x3  
  158  10:57  Protoss Ground Weapons Level 3 (Chrono Boost)  
  158  10:58  Assimilator  
  158  11:00  Pylon  
  158  11:04  Robotics Bay  
  158  11:09  Zealot x3  
  164  11:14  Pylon  
  164  11:17  Pylon  
  164  11:18  Pylon  
  164  11:30  Pylon  
  164  11:33  Pylon  
  164  11:35  Photon Cannon  
  164  11:37  Nexus  
  164  11:40  Stalker x6  
  164  11:46  Zealot  
  164  11:47  Zealot  
  180  11:49  Disruptor (Chrono Boost)  
  182  11:55  Robotics Facility  
  182  12:02  Pylon  
  182  12:08  Shield Battery  
  182  12:09  Photon Cannon  
  182  12:14  Zealot x2  
  182  12:15  Disruptor (Chrono Boost)  
  186  12:21  Probe x4  
  194  12:27  Stalker  
  194  12:28  Stalker x2  
  188  12:40  Stalker x7  
  177  12:56  Zealot x3  
  167  13:03  Disruptor  
  159  13:09  Zealot x6  
  159  13:10  Zealot  
  155  13:20  Zealot x3  
  155  13:23  Disruptor, Probe x2  
  145  13:32  Zealot x7  
  125  13:42  Probe x3  
  125  13:43  Disruptor (Chrono Boost)  
  128  13:53  Stalker  
  128  13:54  Stalker x9  
  148  14:00  Photon Cannon  
  148  14:04  Probe x3  
  148  14:05  Probe x2  
  148  14:07  Assimilator  
  148  14:08  Protoss Ground Armor Level 1 (Chrono Boost)  
  148  14:09  Disruptor (Chrono Boost)  
  157  14:17  Zealot x4  
  157  14:18  Zealot  
  157  14:23  Zealot x4  
  167  14:26  Pylon  
  153  14:44  Zealot x10  
  173  14:50  Shield Battery  
  165  14:54  Pylon  
  165  14:55  Immortal (Chrono Boost)  
  165  14:57  Pylon  
  165  14:58  Immortal (Chrono Boost)  
  173  15:17  Stalker x7  
  165  15:39  Nexus  
  165  15:40  Pylon  
  165  15:42  Stalker x6  
  175  15:43  Stalker  
  179  15:50  Stalker x2  
  159  16:20  Zealot  
  159  16:21  Zealot x9  
  159  16:38  Photon Cannon  
Tags
 
Add a new tag
Caveats
  • Supply blocks, unpowered buildings, or Contaminate may cause inaccurate times.
  • Supply counts are checked every 10 seconds.